 Dungeon Crawl Stone Soup version 0.31-a0-978-g1e143483b6 (webtiles) character file.

Game seed: 2107765529348242724

616 Maxmaps the Changeling (level 7, 0/46 HPs)
             Began as an Octopode Shapeshifter on Oct 30, 2023.
             Slain by an ufetubus (3 damage)
             ... on level 5 of the Dungeon.
             The game lasted 00:03:43 (3132 turns).

Maxmaps the Changeling (Octopode Shapeshifter)      Turns: 3132, Time: 00:03:44

Health: 0/46       AC:  1    Str: 19    XL:     7   Next: 45%
Magic:  7/7        EV: 13    Int: 14    God:
Gold:   272        SH:  0    Dex: 12    Spells: 6/6 levels left

rFire   . .          .
                       - Unarmed
rCold   . . .        (no shield)
rNeg    . . .        (helmet currently unavailable)
rPois   .            (no amulet)
rElec   .            e - +6 ring of strength
rCorr   .            (no ring)
SInv    .            (no ring)
Will    .....        (no ring)
Stlth   ++           (no ring)
HPRegen 0.27/turn    (no ring)
MPRegen 0.10/turn    (no ring)
                     (no ring)

%: no passive effects
@: beast-form
A: beast (slay +4), almost no armour, amphibious, 8 rings, camouflage 1,
gelatinous body 1, (nimble swimmer 1), tentacles
a: Begin Untransformation


You were on level 5 of the Dungeon.
You were a hulking beast.
You visited 1 branch of the dungeon, and saw 5 of its levels.

You collected 294 gold pieces.
You spent 22 gold pieces at shops.

Inventory:

Jewellery
 e - a +6 ring of strength (left tentacle)
Talismans
 b - a beast talisman
 c - a flux talisman
Wands
 i - a wand of mindburst (10)
Scrolls
 g - a scroll of teleportation
 h - a scroll of poison
 j - a scroll of identify
Potions
 d - a potion of curing


   Skills:
 + Level 3.6 Fighting
 - Level 2.0 Dodging
 - Level 3.0 Unarmed Combat
 - Level 7.0 Shapeshifting


You had 6 spell levels left.
You didn't know any spells.
Your spell library contained the following spells:

 Spells                   Type           Power      Damage    Failure   Level
 Magic Dart               Conj           0%         1d3       28%         1
 Searing Ray              Conj           0%         2d4       41%         2
 Fulminant Prism          Conj/Hex       0%         3d5       96%         4


Dungeon Overview and Level Annotations

Branches:
Dungeon (5/15)
 Temple: D:4-7

Altars:
Makhleb
Nemelex Xobeh
Uskayaw

Shops:
D:1 (   D:3 ?


Innate Abilities, Weirdness & Mutations

You are a hulking beast.
Your limbs bulge with bestial killing power. (Slay +4)
You cannot wear most types of armour.
You are amphibious.
You can wear up to eight rings at the same time.
Your skin changes colour to match your surroundings (Stealth+).
Your rubbery body absorbs attacks. (AC +1, EV +1)
((You are camouflaged when in or above water. (Stealth+)))
You have tentacles for arms and can constrict up to eight enemies at once.


Message History

The ufetubus misses you. The gnoll misses you. The ufetubus hits you.
The ufetubus barely misses you. The gnoll misses you.
The ufetubus closely misses you. The ufetubus hits you.
The howler monkey closely misses you.
The ufetubus hits you but does no damage.
The ufetubus hits you.
The gnoll hits you from afar with a +0 spear!
* * * LOW HITPOINT WARNING * * *
The howler monkey hits you.
* * * LOW HITPOINT WARNING * * *
Unknown command.
You barely miss the ufetubus. Your squeeze misses the ufetubus.
The ufetubus barely misses you. The ufetubus closely misses you.
The gnoll hits you from afar with a +0 spear.
* * * LOW HITPOINT WARNING * * *
The howler monkey barely misses you. The ufetubus attacks as it pursues you!
The ufetubus hits you.
* * * LOW HITPOINT WARNING * * *
The ufetubus hits you.
* * * LOW HITPOINT WARNING * * *
The worm bites you.
* * * LOW HITPOINT WARNING * * *
The ufetubus hits you.
* * * LOW HITPOINT WARNING * * *
The ufetubus completely misses you.
You feel better.
You feel less invigorated. The ufetubus closely misses you.
The ufetubus barely misses you.
The howler monkey hoots and howls with incredible vigour!
The gnoll misses you. The worm bites you.
* * * LOW HITPOINT WARNING * * *
You hear a bark!
You tentacle-slap the worm. You grab the worm. You squeeze the worm!
The worm is severely wounded.
You constrict the worm.
The ufetubus hits you but does no damage.
The ufetubus hits you.
* * * LOW HITPOINT WARNING * * *
The gnoll closely misses you. The ufetubus slips past you!
The ufetubus hits you.
You die...

#........##...
#.........#.# ## .#
#.........# .
..#######.#....# .
##....#.##..###...## ..
#............#.....##..
##...##...........#.....
#.....5...........#.....
.......h................
......hw....#...........
.#####g.†.......#.......
#...........##......
#...#!.......#.......
..[..##.....†..........
#!.?# #................
#..(. #................
...#. #................


You could see a worm, a howler monkey (catching breath), a gnoll and an
ufetubus.

Vanquished Creatures
  A black bear (D:4)
  An ogre (D:4)
  2 scorpions
  3 orc priests (D:4)
  Terence (D:3)
  An iguana (D:4)
  An orc wizard (D:4)
  Robin (D:3)
  7 adders
  2 worms
  2 dart slugs
  5 orcs
  8 ball pythons
  4 endoplasms
  2 giant cockroaches
  18 goblins
  5 hobgoblins
  3 jackals (D:4)
  3 kobolds
  4 quokkas
  3 bats
  4 frilled lizards
  2 rats
83 creatures vanquished.

Notes
Turn   | Place    | Note
-------+----------+-------------------------------------------
     0 | D:1      | Maxmaps the Octopode Shapeshifter began the quest for the
                  | Orb.
     0 | D:1      | Reached XP level 1. HP: 13/13 MP: 1/1
   219 | D:1      | Reached XP level 2. HP: 18/18 MP: 2/2
   293 | D:1      | Found Tiha's Antique Weapon Emporium.
   835 | D:2      | Reached XP level 3. HP: 23/23 MP: 3/3
   906 | D:2      | Reached skill level 4 in Shapeshifting
  1123 | D:3      | Found a burning altar of Makhleb.
  1133 | D:3      | Noticed Terence
  1142 | D:3      | Killed Terence
  1316 | D:3      | Found Wueheam's Magic Scroll Emporium.
  1323 | D:3      | Reached XP level 4. HP: 22/28 MP: 4/4
  1335 | D:3      | Noticed Robin
  1360 | D:3      | Killed Robin
  1361 | D:3      | Reached skill level 5 in Shapeshifting
  1457 | D:3      | Bought a scroll of identify for 22 gold pieces
  1562 | D:3      | Reached XP level 5. HP: 24/33 MP: 5/5
  1980 | D:4      | Found a hide-covered altar of Uskayaw.
  1987 | D:4      | Reached skill level 6 in Shapeshifting
  1989 | D:4      | Reached XP level 6. HP: 28/38 MP: 6/6
  2418 | D:4      | Noticed a black bear
  2425 | D:4      | Killed a black bear
  2426 | D:4      | Reached skill level 7 in Shapeshifting
  2507 | D:4      | Reached XP level 7. HP: 44/44 MP: 7/7
  2723 | D:4      | Found a sparkling altar of Nemelex Xobeh.
  3049 | D:5      | Entered Level 5 of the Dungeon
  3130 | D:5      | HP: 1/46 [ufetubus (3)]
  3132 | D:5      | Slain by an ufetubus

Illustrated notes

Levels and vault maps discovered:
D:1:      sevenhm_arrival_forest_fort_large_2, layout_rooms, serial_shops,
          nicolae_shop_tiny_statue_garden
D:2:      layout_basic, chequers_serial_rivers_small_a
D:3:      layout_basic, bloody_makhleb, serial_shops, nicolae_square_shop,
          uniq_robin, uniq_terence
D:4:      layout_cave_pods, nicolae_uskayaw_murder_on_the_dancefloor,
          nemelex_diamond_rough_becter, serial_glass, glass_columns_c,
          glass_columns_a, feat_on_display, item_on_display_b, feat_on_display
D:5:      layout_cave_pools, led_sif_pool, serial_shops,
          nicolae_shop_back_alley_shop, minmay_circle_x

Skill      XL: |  1  2  3  4  5  6  7 |
---------------+----------------------+-----
Shapeshifting  | 4 5 6 7 |  7.0
Fighting       | 3 |  3.6
Dodging        | |  2.0
Unarmed Combat | |  3.0

Action                     |  1- 3 |  4- 6 |  7- 9 || total
---------------------------+-------+-------+-------++-------
  Melee: Unarmed           |    55 |    91 |    30 ||   176
         Tentacles         |     8 |    17 |     5 ||    30
         Constrict         |    12 |    17 |     7 ||    36
         Punch             |     2 |     2 |     1 ||     5
    Use: Scroll            |     1 |     6 |     3 ||    10
         Potion            |       |     2 |     3 ||     5
   Stab: Sleeping          |    11 |     3 |     2 ||    16
         Distracted        |       |     1 |       ||     1
 Armour: Skin              |    21 |    56 |    49 ||   126
  Dodge: Dodged            |    28 |    52 |    42 ||   122

Table legend: (Time is in decaauts)
 A = Elapsed time spent in this place.
 B = Non-inter-level travel time spent in this place.
 C = Inter-level travel time spent in this place.
 D = Time resting spent in this place.
 E = Time spent auto-exploring this place.
 F = Levels seen in this place.
 G = Mean time per level.
                   A        B        C        D        E       F      G
               +--------+--------+--------+--------+--------+-----+--------+
         Total |   3121 |   2995 |    126 |    340 |   2152 |   5 |  624.2 |
       Dungeon |   3121 |   2995 |    126 |    340 |   2152 |   5 |  624.2 |
               +--------+--------+--------+--------+--------+-----+--------+

Top non-repeatable levels by time:
     D:4: 1102 daAuts
     D:3: 816 daAuts
     D:1: 561 daAuts
     D:2: 558 daAuts
     D:5: 82 daAuts
